 Dungeon Crawl Stone Soup version 0.31-a0-627-gd65175cf8b (webtiles) character file.

Game seed: 12973933132484274707

15892 GenialerGandalf the Severer (level 12, -4/108 HPs)
             Began as a Hill Orc Fighter on Aug 24, 2023.
             Was a High Priest of Beogh.
             Killed from afar by a red draconian scorcher (43 damage)
             ... with a searing blast
             ... summoned by a shadow demon
             ... on level 1 of the Abyss on Aug 25, 2023.
             The game lasted 00:55:28 (12559 turns).

GenialerGandalf the Severer (Hill Orc Fighter)     Turns: 12559, Time: 00:55:29

Health: -4/108     AC: 28    Str: 30    XL:     12   Next: 31%
Magic:  18/18      EV:  9    Int:  8    God:    Beogh [*****.]
Gold:   436        SH:  5    Dex: 10    Spells: 11/11 levels left

rFire   . . .        K - +4 broad axe (freeze)
rCold   . . .        c - +0 buckler
rNeg    . . .        H - +8 chain mail "Unibb" {rCorr}
rPois   .            L - +1 helmet
rElec   +            v - +2 cloak {Will+}
rCorr   +            P - +0 pair of gloves
SInv    .            h - +0 pair of boots
Will    ++...        F - amulet of Beogh's Delight {Acrobat rElec} Stlth
                     g - +6 ring of strength
HPRegen 0.38/turn    k - ring of willpower
MPRegen 0.16/turn

%: acrobat
@: about to teleport
A: walk on water, [subdued magic 2]
a: Renounce Religion, Smiting, Recall Orcish Followers, Give Item to Named
Follower


You were on level 1 of the Abyss.
You worshipped Beogh.
Beogh was extremely pleased with you.
You visited 2 branches of the dungeon, and saw 12 of its levels.
You visited the Abyss 1 time.
You also visited: Bailey.

You collected 631 gold pieces.
You spent 195 gold pieces at shops.

Inventory:

Hand Weapons
 a - a +2 war axe
 I - a +2 glaive of venom
 K - a +4 broad axe of freezing (weapon)
Armour
 b - a +0 scale mail
 c - a +0 buckler (worn)
 h - a +0 pair of boots (worn)
 v - a +2 cloak of willpower (worn)
 H - the +8 chain mail "Unibb" (worn) {rCorr}
   (You found it in a bailey)

   rCorr:     It protects you from acid and corrosion.
 J - a +0 plate armour
 L - a +1 helmet (worn)
 P - a +0 pair of gloves (worn)
 R - a +1 robe of cold resistance
Jewellery
 g - a +6 ring of strength (left hand)
 k - a ring of willpower (right hand)
 s - a ring of poison resistance
 y - a +4 ring of protection
 F - the amulet of Beogh's Delight (around neck) {Acrobat rElec}
   (You acquired it in a bailey)

   [amulet of the acrobat]

   Acrobat:   It increases your evasion while moving and waiting.
   rElec:     It insulates you from electricity.
 Q - a ring of ice
Wands
 r - a wand of light (23)
 x - a wand of digging (4)
 D - a wand of polymorph (16)
 E - a wand of mindburst (13) (quivered)
 N - a wand of flame (5)
Scrolls
 l - a scroll of silence
 t - 5 scrolls of teleportation
 u - a scroll of vulnerability
 C - 2 scrolls of poison
 S - a scroll of revelation
Potions
 d - a potion of might
 e - 8 potions of curing
 f - 5 potions of haste
 i - 4 potions of lignification
 j - a potion of cancellation {unknown}
 m - 2 potions of attraction {unknown}
 n - 3 potions of heal wounds {unknown}
 o - 6 potions of degeneration
 p - 2 potions of mutation {unknown}
 q - 2 potions of magic {unknown}
 w - 4 potions of berserk rage
 z - 3 potions of enlightenment {unknown}
 A - a potion of brilliance {unknown}
 B - 4 potions of invisibility {unknown}
 O - a potion of ambrosia {unknown}


   Skills:
 * Level 10.8 Fighting
 * Level 16.5(16.6) Axes
 - Level 1.5(9.2) Maces & Flails
 * Level 9.5 Armour
 * Level 8.1 Shields
 - Level 8.1 Invocations
 - Level 1.4 Evocations


You had 11 spell levels left.
You didn't know any spells.
Your spell library contained the following spells:

 Spells                   Type           Power      Damage    Failure   Level
 Slow                     Hex            0%         N/A       80%         1
 Poisonous Vapours        Pois/Air       0%         N/A       90%         2
 Static Discharge         Conj/Air       0%         2-2/arc   90%         2
 Sublimation of Blood     Necr           0%         N/A       90%         2
 Wereblood                Tmut           0%         N/A       90%         2
 Confusing Touch          Hex            0%         N/A       99%         3
 Mephitic Cloud           Conj/Pois/Air  0%         N/A       99%         3
 Vampiric Draining        Necr           0%         2d6       99%         3
 Airstrike                Air            0%         2d(0-16)  100%        4
 Summon Lightning Spire   Summ/Air       0%         N/A       100%        4
 Freezing Cloud           Conj/Ice/Air   0%         6-21      100%        5
 Irradiate                Conj/Tmut      0%         3d11      100%        5
 Summon Hydra             Summ           0%         N/A       100%        7


Dungeon Overview and Level Annotations

Branches:
Dungeon (11/15)            Temple (1/1) D:7            Lair (0/5) D:10
 Bailey (visited)
    Orc: D:9-12

Altars:
Ashenzari
Cheibriados
Dithmenos
Elyvilon
Fedhas
Gozag
Hepliaklqana
Kikubaaqudgha
Makhleb
Nemelex Xobeh
Okawaru
Qazlal
Ru
Sif Muna
Trog
Uskayaw
Vehumet
Wu Jian
Xom
Yredelemnul
Zin
The Shining One

Shops:
D:6 :   D:9 [

Portals:
Trove: D:11 (give +3 ice dragon scales)

Annotations:
D:9 4 transporters
D:11 Psyche


Innate Abilities, Weirdness & Mutations

You can walk on water.
[Your spells are easier to cast, but less powerful.]


Message History

You slice the raiju!! You freeze the raiju!
The raiju is severely wounded.
The shadow demon gestures.
The raiju bites you but does no damage.
You slash the raiju! You freeze the raiju.
You kill the raiju!
Beogh accepts your kill.
The red draconian scorcher roars!
The red draconian scorcher gestures at you while chanting.
The bolt of fire misses you.
The red draconian scorcher gestures at you while chanting.
The sphere of damnation explodes!
The damnation engulfs you!
A wretched star comes into view.
The dire elephant zombie misses you.
The dire elephant zombie closely misses you.
As you read the scroll of teleportation, it crumbles to dust.
You feel strangely unstable.
You feel the power of the Abyss delaying your translocation!
The dire elephant zombie tramples you.
You hold your ground!
The dire elephant zombie trunk-slaps you.
You hit the dire elephant zombie.
The dire elephant zombie is lightly damaged.
You slash the wraith! You freeze the wraith.
The wraith hits you but does no damage.
The wretched star pulses with an eldritch light!
Your connection to magic feels subdued.
Your connection to magic feels more subdued.
As you read the scroll of fog, it dissolves into smoke.
The dire elephant zombie tramples you!
You stumble backwards!
You slash the dire elephant zombie!
The dire elephant zombie is lightly damaged.
The red draconian scorcher casts a spell at you.
The sphere of damnation explodes!
The damnation engulfs you!!!
The damnation engulfs the dire elephant zombie!!
Something shouts, "Run away, thou pribbling tip-merry buzzard-bait!"
You barely miss the wraith.
The wraith is heavily damaged.
The red draconian scorcher breathes fire at you.
The searing blast hits you!!!
You die...

# R. # §#§#.### #
. ...#..# . .# .##
#.#..# .#. . ##
#..####..
..##..#.§2.#.#.###
.#....##§Z§......
# #..#q§#W##..# .
#2. .#..#.#@§*§*.#
#.
..2#..##§###...# 2
# .#..#...### .#
#. # ##.####.# .
.# .###. ..## #. .
. # ..# ..## ## ..
. #. . ..# # # .
..


You could see a red draconian scorcher (summoned, catching breath), a wretched
star, a wraith (summoned) and a dire elephant zombie.

Vanquished Creatures
  Gastronok (D:10)
  Josephine (D:10)
  Fannar (D:11)
  Erica (D:8)
  An orc high priest (Bailey)
  Nergalle (D:10)
  Amaemon (D:9)
  A manticore (D:11)
  A cyclops (D:11)
  Joseph (D:8)
  A gargoyle (D:11)
  An orange demon (D:9)
  Maggie (D:7)
  5 trolls
  A raiju (Abyss:1)
  A shadow (D:11)
  A vampire (D:11)
  A wyvern (D:7)
  A wraith (D:10)
  Grum (D:11)
  A golden eye (Abyss:1)
  12 yaks
  A vampire mosquito (D:10)
  A chaos spawn (Abyss:1)
  An acid dragon (D:6)
  A water moccasin (D:7)
  A sky beast (D:6)
  3 orc warriors
  A black bear (D:5)
  4 wolves
  6 centaurs
  2 ogres (D:5)
  A phantom (D:7)
  A bullfrog (D:8)
  2 scorpions
  6 wights
  5 killer bees (D:10)
  7 electric eels
  A howler monkey (D:7)
  Crazy Yiuf (D:5)
  6 orc priests
  8 hounds
  A sleepcap (D:8)
  Ijyb (D:3)
  Natasha (thrice) (D:3)
  5 iguanas
  9 orc wizards
  6 adders
  10 gnolls
  A shadow imp (D:6)
  3 white imps
  An ufetubus (D:5)
  3 worms
  3 dart slugs
  45 orcs
  11 ball pythons
  4 bats
  2 endoplasms
  A giant cockroach (D:4)
  21 goblins
  12 hobgoblins
  2 jackals (D:1)
  13 kobolds
  3 quokkas
  2 frilled lizards (D:2)
  5 rats
263 creatures vanquished.

Vanquished Creatures (collateral kills)
  Sonja (D:10)
  Maurice (D:10)
  2 trolls
  2 wraiths (D:10)
  A yak (D:11)
  A vampire mosquito (D:10)
  6 orc warriors
  2 wolves
  3 centaurs (D:11)
  2 kobold brigands
  2 wights
  A killer bee (D:10)
  An electric eel (D:10)
  2 hounds (D:10)
  An orc priest (D:8)
  A gnoll bouda (D:8)
  A sleepcap (D:8)
  An orc wizard (D:10)
  5 gnolls
  An orc (D:6)
  2 goblins (Bailey)
  A hobgoblin (Bailey)
  3 kobolds (D:8)
43 creatures vanquished.

Vanquished Creatures (others)
  3 orc warriors
  3 orc priests
  Robin (D:3)
  An adder (D:3)
  9 orcs
  3 goblins (D:3)
  A kobold (D:3)
21 creatures vanquished.

Grand Total: 327 creatures vanquished

Notes
Turn   | Place    | Note
-------+----------+-------------------------------------------
     0 | D:1      | GenialerGandalf the Hill Orc Fighter began the quest for
                  | the Orb.
     0 | D:1      | Reached XP level 1. HP: 19/19 MP: 1/1
     6 | D:1      | Noticed a swamp drake
     6 | D:1      | Noticed an anaconda
     7 | D:1      | Noticed a snapping turtle
    71 | D:1      | Reached XP level 2. HP: 25/26 MP: 2/2
   264 | D:1      | Reached skill level 3 in Axes
   709 | D:2      | Reached XP level 3. HP: 29/31 MP: 3/3
   911 | D:2      | Reached skill level 1 in Maces & Flails
   911 | D:2      | Reached XP level 4. HP: 39/39 MP: 4/4
   983 | D:2      | Reached skill level 4 in Axes
  1667 | D:3      | Noticed Natasha
  1680 | D:3      | Reached XP level 5. HP: 22/45 MP: 5/5
  1681 | D:3      | Killed Natasha
  1682 | D:3      | Reached skill level 5 in Axes
  1829 | D:3      | Noticed Natasha
  1837 | D:3      | Killed Natasha
  1919 | D:3      | Became a worshipper of Beogh the Brigand
  2117 | D:3      | Noticed Natasha
  2125 | D:3      | Killed Natasha
  2188 | D:3      | Killed Robin
  2343 | D:3      | Noticed Ijyb
  2347 | D:3      | Reached XP level 6. HP: 42/51 MP: 6/6
  2357 | D:3      | Killed Ijyb
  2913 | D:4      | Reached skill level 6 in Axes
  2913 | D:4      | Reached skill level 5 in Armour
  2913 | D:4      | Reached skill level 1 in Invocations
  3041 | D:4      | Identified the +1 robe of Space {-Tele +Inv Will+ Int+6}
  3120 | D:4      | Reached * piety under Beogh
  3249 | D:4      | Reached XP level 7. HP: 56/59 MP: 6/8
  3415 | D:5      | Entered Level 5 of the Dungeon
  3436 | D:5      | Reached skill level 7 in Axes
  3952 | D:5      | Reached skill level 8 in Axes
  4082 | D:5      | Reached XP level 8. HP: 62/67 MP: 9/9
  4162 | D:5      | Found a runed translucent door.
  4163 | D:5      | Noticed Crazy Yiuf
  4421 | D:5      | Found a white marble altar of Elyvilon.
  4422 | D:5      | Found a glowing golden altar of the Shining One.
  4505 | D:5      | Killed Crazy Yiuf
  4674 | D:6      | Noticed a troll
  4684 | D:6      | Killed a troll
  4685 | D:6      | Reached skill level 5 in Fighting
  4685 | D:6      | Reached skill level 9 in Axes
  4685 | D:6      | Reached skill level 5 in Shields
  4688 | D:6      | Reached ** piety under Beogh
  4954 | D:6      | Found Ufeapt's Tiny Tomes.
  5094 | D:6      | Reached skill level 10 in Axes
  5161 | D:6      | Reached XP level 9. HP: 75/75 MP: 11/11
  5494 | D:5      | Found a broken altar of Ashenzari.
  5494 | D:5      | Found a hazy altar of Hepliaklqana.
  5498 | D:5      | Found a bloodstained altar of Trog.
  5580 | D:7      | Noticed Maggie
  5593 | D:7      | Killed Maggie
  5594 | D:7      | Reached skill level 11 in Axes
  6135 | D:7      | Found a staircase to the Ecumenical Temple.
  6680 | Temple   | Entered the Ecumenical Temple
  6771 | D:8      | Noticed Joseph
  6775 | D:8      | Found a flagged portal.
  6790 | D:8      | Killed Joseph
  6791 | D:8      | Reached skill level 12 in Axes
  6791 | D:8      | Reached skill level 5 in Invocations
  6828 | Bailey   | Entered a bailey
  6965 | Bailey   | Reached *** piety under Beogh
  7019 | Bailey   | Noticed an orc high priest
  7025 | Bailey   | Noticed an orange demon
  7028 | Bailey   | Killed an orc high priest
  7029 | Bailey   | Reached XP level 10. HP: 79/86 MP: 12/14
  7036 | Bailey   | Found an iron altar of Okawaru.
  7036 | Bailey   | Noticed an orc sorcerer
  7039 | Bailey   | Noticed an orange demon
  7043 | Bailey   | Noticed an orange demon
  7400 | Bailey   | Acquired the amulet of Beogh's Delight {Acrobat rElec}
  7436 | Bailey   | Identified the +8 chain mail "Unibb" {rCorr}
  7833 | Bailey   | Reached skill level 13 in Axes
  7916 | Bailey   | Acquired a +4 broad axe of freezing
  8130 | D:8      | Noticed Erica
  8133 | D:8      | Reached **** piety under Beogh
  8141 | D:8      | Killed Erica
  8947 | D:9      | Found Vavvod's Antique Armour Boutique.
  8976 | D:9      | Bought a glowing helmet for 195 gold pieces
  9166 | D:9      | Reached skill level 14 in Axes
  9168 | D:9      | Reached ***** piety under Beogh
  9310 | D:9      | Noticed an orange demon
  9310 | D:9      | Noticed Amaemon
  9317 | D:9      | Killed an orange demon
  9318 | D:9      | Reached XP level 11. HP: 95/95 MP: 15/15
  9319 | D:9      | Killed Amaemon
  9339 | D:9      | Found a transporter.
  9345 | D:9      | Found a transporter.
  9345 | D:9      | Found a transporter.
  9404 | D:9      | Found a transporter.
  9481 | D:10     | Entered Level 10 of the Dungeon
  9481 | D:10     | Noticed Josephine
 10451 | D:10     | Found a hide-covered altar of Uskayaw.
 10451 | D:10     | Found a shadowy altar of Dithmenos.
 10480 | D:10     | Found an ancient bone altar of Kikubaaqudgha.
 10505 | D:10     | Found a staircase to the Lair.
 10530 | D:10     | Reached skill level 15 in Axes
 10534 | D:10     | Killed Josephine
 10536 | D:10     | Reached skill level 1 in Evocations
 10702 | D:10     | Noticed Nergalle
 10710 | D:10     | Killed Nergalle
 10926 | D:10     | Found a sacrificial altar of Ru.
 10984 | D:10     | Noticed Sonja
 10998 | D:10     | Killed Sonja
 11207 | D:10     | Noticed Maurice
 11228 | D:10     | Killed Maurice
 11229 | D:10     | Reached skill level 10 in Fighting
 11326 | D:10     | Noticed Gastronok
 11337 | D:10     | Killed Gastronok
 11623 | D:10     | Upgraded the game from 0.31-a0-625-gc9c7e45f3f to
                  | 0.31-a0-627-gd65175cf8b
 11790 | D:11     | Reached skill level 16 in Axes
 11955 | D:11     | Noticed a cyclops
 11961 | D:11     | Killed a cyclops
 11962 | D:11     | Reached XP level 12. HP: 106/106 MP: 17/17
 11971 | D:11     | Noticed Grum
 11977 | D:11     | Gained Arbeogh as an ally
 11982 | D:11     | Killed Grum
 12140 | D:11     | Noticed Fannar
 12149 | D:11     | Killed Fannar
 12263 | D:11     | Your ally Arbeogh died
 12390 | D:11     | Found a portal to a secret trove of treasure.
 12478 | D:11     | Noticed Psyche
 12483 | Abyss:1  | Cast into level 1 of the Abyss (Psyche)
 12551 | Abyss:1  | Noticed a red draconian scorcher
 12554 | Abyss:1  | Noticed a wretched star
 12555 | Abyss:1  | Noticed a rakshasa
 12559 | Abyss:1  | Killed from afar by a red draconian scorcher

Illustrated notes

Levels and vault maps discovered:
D:1:      onia_arrival_zoo_common, layout_loops_ring
D:2:      layout_basic
D:3:      layout_basic, chequers_serial_rivers_small_b, nicolae_goblin_pals,
          uniq_natasha
D:4:      layout_rooms, minmay_pentomino_pile, uniq_ijyb
D:5:      layout_rooms, nicolae_overflow_hidden_temple, uniq_crazy_yiuf_cottage
D:6:      layout_rooms, nrook_mini_backslash, nicolae_water_bricks,
          supply_closet_lemuel, chequers_garden,
          nicolae_shop_i_like_small_books_too, minmay_crossroads
D:7:      layout_basic, minmay_temple_entry_statues_fountains,
          amcnicky_mini_rare_corridor_liquid, dreamdust_mushroom_princess,
          chequers_serial_rivers_large_a, chequers_serial_rivers_micro_e,
          uniq_maggie
D:8:      layout_rooms, enter_bailey_5, uniq_joseph, uniq_erica
D:9:      layout_gridville, serial_shops, nicolae_shop_overgrown_old_shop,
          nicolae_diode_intersection, uniq_amaemon
D:10:     layout_cave_pods, mainiacjoe_overflow_alcove_1,
          nicolae_overflow_squiral, nicolae_kikubaaqudgha_miasma_corner,
          erik_lair_island, uniq_maurice, uniq_josephine, uniq_gastronok,
          uniq_nergalle, uniq_sonja
D:11:     layout_basic, enter_trove_1, uniq_grum, uniq_fannar, uniq_psyche
Temple:   nicolae_temple_god_jail
Abyss:1:  base: D:5, base:
D:5

Skill      XL: |  1  2  3  4  5  6  7  8  9 10 11 12 |
---------------+-------------------------------------+-----
Axes           | 3 4 5 6 8 10 12 14 16 | 16.5
Maces & Flails | 1 |  1.5
Armour         | 4 5 6 7 8 9 |  9.5
Shields        | 4 5 6 7 8 |  8.1
Fighting       | 4 5 7 8 10 | 10.8
Invocations    | 1 2 3 5 6 7 8 |  8.1
Evocations     | 1 |  1.4

Action                     |  1- 3 |  4- 6 |  7- 9 | 10-12 || total
---------------------------+-------+-------+-------+-------++-------
  Melee: War axe           |    67 |   146 |   272 |    47 ||   532
         Broad axe         |       |       |       |   214 ||   214
 Invoke: Convert to Beogh  |       |     1 |       |       ||     1
         Recall Orcish Fol |       |       |       |     1 ||     1
  Evoke: Wand              |       |       |       |    12 ||    12
    Use: Scroll            |     4 |     4 |     5 |    10 ||    23
         Potion            |       |       |     1 |     4 ||     5
   Stab: Paralysed         |       |       |       |     2 ||     2
         Distracted        |       |       |       |     1 ||     1
 Armour: Scale mail        |    32 |    92 |   143 |     7 ||   274
         Chain mail        |       |       |       |   135 ||   135
  Dodge: Dodged            |    33 |    67 |   140 |   147 ||   387
  Block: Buckler           |    17 |    23 |    73 |    54 ||   167

Table legend: (Time is in decaauts)
 A = Elapsed time spent in this place.
 B = Non-inter-level travel time spent in this place.
 C = Inter-level travel time spent in this place.
 D = Time resting spent in this place.
 E = Time spent auto-exploring this place.
 F = Levels seen in this place.
 G = Mean time per level.
                   A        B        C        D        E       F      G
               +--------+--------+--------+--------+--------+-----+--------+
         Total |  12649 |  11901 |    748 |   2090 |   6646 |  14 |  903.5 |
       Dungeon |  11256 |  10547 |    709 |   1521 |   6496 |  11 | 1023.3 |
        Temple |     41 |      2 |     39 |      0 |      0 |   1 |   41.0 |
         Abyss |     71 |     71 |      0 |      0 |      0 |   1 |   71.0 |
        Bailey |   1279 |   1279 |      0 |    569 |    150 |   1 | 1279.0 |
               +--------+--------+--------+--------+--------+-----+--------+

Top non-repeatable levels by time:
    D:10: 2031 daAuts
  Bailey: 1279 daAuts
     D:5: 1187 daAuts
     D:7: 1183 daAuts
     D:9: 1107 daAuts
     D:2: 998 daAuts
     D:3: 974 daAuts
     D:6: 953 daAuts
     D:4: 817 daAuts
    D:11: 796 daAuts
     D:1: 685 daAuts
     D:8: 522 daAuts
 Abyss:1: 71 daAuts
  Temple: 41 daAuts
